 Dungeon Crawl Stone Soup version 0.18.1-48-g4cf74bf (webtiles) character file.

33 Lennu the Skirmisher (level 3, -3/30 HPs)
             Began as a Formicid Abyssal Knight on Sept 6, 2016.
             Was a Follower of Lugonu.
             Killed from afar by Natasha (6 damage)
             ... with a magic dart
             ... on level 2 of the Dungeon.
             The game lasted 00:07:05 (1655 turns).

Lennu the Skirmisher (Formicid Abyssal Knight)      Turns: 1655, Time: 00:07:06

Health: -3/30      AC:  3    Str: 16    XL:     3   Next: 47%
Magic:  4/4        EV: 11    Int: 11    God:    Lugonu [*.....]
Gold:   44         SH:  0    Dex: 11    Spells: 0 memorised, 3 levels left

rFire  . . .     SeeInvis +     a - +1 falchion
rCold  . . .     Gourm    .     b - +0 leather armour
rNeg   . . .     Faith    .     (no shield)
rPois  .         Spirit   .     (helmet unavailable)
rElec  .         Dismiss  .     (no cloak)
rCorr  .         Reflect  .     (no gloves)
SustAt .         Harm     .     (no boots)
MR     .....                    (no amulet)
Stlth  +.........               (no ring)
                                (no ring)

@: not resistant to hostile enchantments, very unstealthy
A: permanent stasis, dig shafts and tunnels, four strong arms, antennae 3
a: Dig, Shaft Self, Depart the Abyss, Renounce Religion


You were on level 2 of the Dungeon.
You worshipped Lugonu.
Lugonu was aware of your devotion.
You were very hungry.

You visited 1 branch of the dungeon, and saw 2 of its levels.
You visited the Abyss 1 time.

You collected 44 gold pieces.

Inventory:

Hand Weapons
 a - a +1 falchion (weapon)
Armour
 b - a +0 leather armour (worn)
 f - a +0 robe
Scrolls
 g - 4 scrolls of identify {unknown}
 h - a scroll of random uselessness {unknown}
Potions
 e - 2 potions of lignification {unknown}
Comestibles
 c - a bread ration


   Skills:
 * Level 4.0 Fighting
 * Level 2.3 Long Blades
 * Level 2.4 Armour
 * Level 1.1 Dodging
 * Level 0.8 Spellcasting
 + Level 2.2 Invocations


You had 3 spell levels left.
You didn't know any spells.

Dungeon Overview and Level Annotations

Branches:
Dungeon (2/15)

Altars:

Annotations:
D:2 Natasha


Innate Abilities, Weirdness & Mutations

You are under a permanent stasis effect.
You can dig through walls and to a lower floor.
Your four strong arms can wield two-handed weapons with a shield.
You have a pair of large antennae on your head (SInv).


Message History

The giant newt bites you but does no damage.
Natasha claws you but does no damage. The giant newt closely misses you.
You completely miss Natasha.
Natasha is lightly wounded.
Natasha claws you! The giant newt misses you.
The crimson imp hits you but does no damage.
You hit Natasha.
Natasha is lightly wounded.
Natasha claws you.
* * * LOW HITPOINT WARNING * * *
The giant newt closely misses you. The crimson imp hits you.
* * * LOW HITPOINT WARNING * * *
Natasha casts a spell.
The giant newt bites you.
* * * LOW HITPOINT WARNING * * *
The crimson imp barely misses you. The giant newt closely misses you.
Natasha stares at you and mumbles some strange words.
The magic dart hits you!
You die...

#.# #.# ####.#
....# # #...# #.#
#...# ##
#....###.[.###....
.........l@.....#
....#.##...##.#.#
. #..h55.#
#....#.....#
#.#........#
#.#......# ..
#......# ..
.......# #
##.####.#


You could see Natasha, 2 crimson imps and a giant newt.

Vanquished Creatures
  2 dart slugs (D:1)
  A giant gecko (D:1)
  2 bats (D:1)
  2 giant cockroaches (D:1)
  6 goblins (D:1)
  5 hobgoblins (D:1)
  4 kobolds (D:1)
  A giant newt (D:1)
  A rat (D:1)
  2 plants (D:1)
26 creatures vanquished.

Notes
Turn   | Place    | Note
--------------------------------------------------------------
     0 | Abyss:1  | Lennu the Formicid Abyssal Knight began the quest for the Orb.
     0 | Abyss:1  | Reached XP level 1. HP: 18/18 MP: 2/2
   103 | Abyss:1  | Noticed a blink frog
   126 | Abyss:1  | Noticed a green very ugly thing
   132 | D:1      | Escaped the Abyss
   378 | D:1      | Reached XP level 2. HP: 25/25 MP: 3/3
   503 | D:1      | Reached skill level 1 in Dodging
   507 | D:1      | Reached * piety under Lugonu
   760 | D:1      | Reached XP level 3. HP: 30/30 MP: 4/4
  1006 | D:1      | Reached skill level 4 in Fighting
  1640 | D:2      | Noticed Natasha
  1655 | D:2      | Killed from afar by Natasha

Skill      XL: |  1  2  3 |
---------------+----------+-----
Dodging        | 1 |  1.1
Fighting       | 4 |  4.0
Long Blades    | |  2.3
Armour         | |  2.4
Spellcasting   | |  0.8
Invocations    | |  2.2

Action                   || total
-------------------------++-------
Melee: Falchion          ||   208
Invok: Depart the Abyss  ||     1
 Abil: Dig               ||     1
  Use: Scroll            ||     1
  Eat: Chunk             ||     2
Armor: Leather armour    ||    21
Dodge: Dodged            ||    55
